 Dungeon Crawl Stone Soup version 0.24.0-123-gd5b16e6ec5 (webtiles) character file.

Game seed: 6358520836447474453, levelgen mode: deterministic

1726 sooji the Spear-Bearer (level 9, 0/68 HPs)
             Began as a Merfolk Gladiator on Jan 28, 2020.
             Was a Follower of Yredelemnul.
             Succumbed to a killer bee's poison
             ... on level 6 of the Dungeon.
             The game lasted 00:16:17 (6866 turns).

sooji the Spear-Bearer (Merfolk Gladiator)          Turns: 6866, Time: 00:16:17

Health: 0/68       AC: 12    Str: 17    XL:     9   Next: 4%
Magic:  11/11      EV:  9    Int:  8    God:    Yredelemnul [*.....]
Gold:   345        SH:  0    Dex: 20    Spells: 8/8 levels left

rFire    + + .     SeeInvis .   a - +1 trident
rCold    . . .     Gourm    .   (no shield)
rNeg     . . .     Faith    .   j - +0 chain mail
rPois    +         Spirit   .   c - +0 helmet
rElec    .         Reflect  .   (no cloak)
rCorr    .         Harm     +   (no gloves)
MR       .....                  u - +0 pair of boots
Stlth    ..........             B - amulet "Anuor" {Harm *Drain rF++}
HPRegen  0.21/turn              z - +5 ring of dexterity
MPRegen  0.12/turn              s - ring of poison resistance

@: lethally poisoned (0 -> -4)
A: change form in water, swift swim, stealthy swim
a: Animate Remains, Renounce Religion


You were on level 6 of the Dungeon.
You worshipped Yredelemnul.
Yredelemnul was aware of your devotion.
You were not hungry.

You visited 1 branch of the dungeon, and saw 6 of its levels.

You collected 345 gold pieces.

Inventory:

Hand Weapons
 a - a +1 trident (weapon)
 A - a +2 hand axe of flaming
Missiles
 d - 3 throwing nets
 o - 7 atropa-tipped darts
 q - a boomerang (quivered)
 C - 17 poisoned darts
Armour
 b - a +0 leather armour
 c - a +0 helmet (worn)
 j - a +0 chain mail (worn)
 u - a +0 pair of boots (worn)
Jewellery
 r - an uncursed ring of positive energy
 s - a ring of poison resistance (right hand)
 t - an uncursed ring of magical power
 z - a +5 ring of dexterity (left hand)
 B - the amulet "Anuor" (around neck) {Harm *Drain rF++}
   (You took it off an orc on level 5 of the Dungeon)

   [amulet of harm]

   It increases damage dealt and taken.
   It greatly protects you from fire.
   It causes draining when unequipped.
Wands
 v - a wand of acid (10)
Scrolls
 e - 4 scrolls of fog
 i - 10 scrolls of remove curse
 k - a scroll of teleportation
 l - a scroll of magic mapping
 m - 2 scrolls of identify
 n - a scroll of fear
 p - a scroll of amnesia {unknown}
 y - a scroll of enchant armour {unknown}
Comestibles
 f - 11 rations


   Skills:
 + Level 5.1 Fighting
 + Level 10.3 Polearms
 + Level 3.2 Throwing
 * Level 5.0 Armour
 - Level 4.0 Dodging
 - Level 0.4 Stealth
 * Level 3.1 Invocations


You had 8 spell levels left.
You didn't know any spells.
Your spell library contained the following spells:

 Spells                   Type           Power        Failure   Level  Hunger
 Flame Tongue             Conj/Fire      #....        99%         1    ##.....
 Magic Dart               Conj           #...         99%         1    ##.....
 Blink                    Tloc           N/A          100%        2    ###....
 Call Imp                 Summ           #.......     100%        2    ###....
 Slow                     Hex            #.......     100%        2    ###....
 Throw Flame              Conj/Fire      #.....       100%        2    ###....
 Conjure Flame            Conj/Fire      #.......     100%        3    ####...
 Inner Flame              Hex/Fire       #.......     100%        3    ####...
 Mephitic Cloud           Conj/Pois/Air  #.......     100%        3    ####...
 Sticky Flame             Conj/Fire      #.......     100%        4    #####..
 Fireball                 Conj/Fire      #.........   100%        5    ######.


Dungeon Overview and Level Annotations

Branches:
Dungeon (6/15)
 Temple: D:4-7

Altars:
Ashenzari
Dithmenos
Okawaru
Qazlal
Ru
Wu Jian
Yredelemnul

Annotations:
D:3 exclusion: downstairs


Message History

The killer bee closely misses your adder zombie.
The killer bee stings your adder zombie.
Your adder zombie is destroyed!
As you read the scroll labeled GEPHOLYTSY, it crumbles to dust.
You feel aware of your surroundings.
It was a scroll of magic mapping.
The killer bee barely misses you.
Your orc zombie completely misses the killer bee.
Okay, then.
* * * LOW HITPOINT WARNING * * *
You feel sick. The killer bee stings you.
* * * LOW HITPOINT WARNING * * *
Your orc zombie closely misses the killer bee.
Your surroundings suddenly seem different.
* * * LOW HITPOINT WARNING * * *
You feel sick.
As you read the scroll labeled NINLUW FUARAI, it crumbles to dust.
It is a scroll of identify.
n - a scroll of fear You die...
Your body rises from the dead as a mindless zombie.

##.##.....# #Z#
##.##.....## #.#
#..........## #<#
#..##.....#.#####.###
#..##...............#
#..####.....#####.#.#
#..##...........#.#.##
...##.........#.#....#****
#.###...)..##...@..#.....#
#.# ##.##.#####..#...###.#
..#**#.*### #..##.## *,*
...,,#.* #..##.# *,*
###*,*<*******#..##.# *,*
****,*,<,,,,,,......# *,*
,,,,,,,******##.#.### *,*
****,*,*,,,,,*#.#.# *,*
*,*,*,,,,,**,*,* *,*


There were no monsters in sight!

Vanquished Creatures
  Prince Ribbit (D:5)
  Menkaure (D:6)
  An ice beast (D:6)
  4 phantoms
  3 ogres
  A bullfrog (D:5)
  2 killer bees (D:6)
  A howler monkey (D:4)
  A quasit (D:5)
  An orc priest (D:5)
  2 jellies (D:6)
  A centaur skeleton (D:4)
  An iguana (D:4)
  3 orc wizards
  2 worker ants
  A worker ant zombie (D:5)
  3 gnolls
  6 adders
  2 shadow imps (D:6)
  An adder skeleton (D:4)
  4 worms
  14 dart slugs
  5 leopard geckos
  9 orcs
  3 bats
  4 giant cockroaches
  3 goblins
  4 hobgoblins
  7 jackals
  2 quokkas
  A ball python (D:1)
  3 frilled lizards
  5 kobolds
  6 rats
108 creatures vanquished.

Vanquished Creatures (collateral kills)
  An orc priest (D:5)
  An orc (D:5)
2 creatures vanquished.

Vanquished Creatures (others)
  An adder zombie (D:6)
  5 toadstools (D:1)
6 creatures vanquished.

Grand Total: 116 creatures vanquished

Notes
Turn   | Place    | Note
-------+----------+-------------------------------------------
     0 | D:1      | sooji the Merfolk Gladiator began the quest for the Orb.
     0 | D:1      | Reached XP level 1. HP: 16/16 MP: 1/1
   340 | D:1      | Reached XP level 2. HP: 12/22 MP: 2/2
  1071 | D:2      | Reached skill level 5 in Polearms
  1112 | D:2      | Reached XP level 3. HP: 28/28 MP: 3/3
  1156 | D:2      | You fall into a shaft and drop 1 floor!
  1180 | D:3      | Reached skill level 1 in Armour
  1627 | D:2      | Found a stormy altar of Qazlal.
  1802 | D:2      | Reached XP level 4. HP: 14/34 MP: 4/4
  2456 | D:3      | Reached skill level 6 in Polearms
  2549 | D:3      | Found a basalt altar of Yredelemnul.
  2670 | D:3      | Became a worshipper of Yredelemnul the Dark
  2856 | D:3      | Reached XP level 5. HP: 28/40 MP: 5/5
  3605 | D:4      | Reached skill level 7 in Polearms
  3614 | D:4      | Reached XP level 6. HP: 47/47 MP: 6/6
  3688 | D:4      | Reached * piety under Yredelemnul
  3739 | D:4      | Noticed a phantom
  3781 | D:4      | Killed a phantom
  3799 | D:4      | Reached XP level 7. HP: 53/53 MP: 7/7
  3923 | D:4      | Reached skill level 8 in Polearms
  4187 | D:4      | Found an iron altar of Okawaru.
  4292 | D:4      | Found a sacrificial altar of Ru.
  4392 | D:5      | Entered Level 5 of the Dungeon
  4530 | D:5      | Reached skill level 1 in Invocations
  4843 | D:5      | Noticed Prince Ribbit
  4876 | D:5      | Killed Prince Ribbit
  4876 | D:5      | Reached skill level 9 in Polearms
  4876 | D:5      | Reached XP level 8. HP: 14/61 MP: 7/9
  5285 | D:5      | Identified the amulet "Anuor" {Harm *Drain rF++}
  5643 | D:5      | Found an ornate altar of the Wu Jian Council.
  6147 | D:6      | Found a shattered altar of Ashenzari.
  6147 | D:6      | Found a shadowy altar of Dithmenos.
  6152 | D:6      | Noticed Menkaure
  6175 | D:6      | Killed Menkaure
  6612 | D:5      | Reached skill level 10 in Polearms
  6722 | D:6      | Reached skill level 5 in Fighting
  6722 | D:6      | Reached skill level 5 in Armour
  6840 | D:6      | Reached XP level 9. HP: 63/68 MP: 11/11
  6864 | D:6      | HP: 2/68 [killer bee (4)]
  6866 | D:6      | Succumbed to a killer bee's poison

Levels and vault maps discovered:
D:1:      ldierk_walled_garden, layout_basic
D:2:      layout_rooms, lemuel_round_altar
D:3:      layout_loops_ring, nicolae_overflow_crystal_walls, first_ration
D:4:      kennysheep_slugbush, layout_cave_pools, old_standard_altar,
          nicolae_ru_the_path_less_chosen, hangedman_glass_teeth,
          minmay_misc_feat_chi
D:5:      layout_loops_ring, marbit_many_paths, minmay_strange_pillars,
          uniq_prince_ribbit1
D:6:      layout_loops_ring, gammafunk_temple_overflow_wave, uniq_menkaure

Skill      XL: |  1  2  3  4  5  6  7  8 |
---------------+-------------------------+-----
Polearms       | 5 6 7 9 10 | 10.3
Armour         | 1 2 3 5 |  5.0
Fighting       | 3 4 5 |  5.1
Invocations    | 1 3 |  3.1
Throwing       | 3 |  3.2
Dodging        | |  4.0
Stealth        | |  0.4

Action                   |  1- 3 |  4- 6 |  7- 9 || total
-------------------------+-------+-------+-------++-------
Melee: Trident           |   174 |   189 |   261 ||   624
       Tailslap          |       |     8 |       ||     8
Throw: Boomerang         |       |    11 |    16 ||    27
Invok: Animate Remains   |       |       |     9 ||     9
  Use: Scroll            |     2 |       |     4 ||     6
       Potion            |       |       |     5 ||     5
 Stab: Sleeping          |     1 |       |       ||     1
       Invisible         |       |       |     2 ||     2
       Distracted        |       |       |     1 ||     1
  Eat: Chunk             |     3 |     7 |     9 ||    19
       Ration            |       |       |     1 ||     1
Armor: Leather armour    |    11 |       |       ||    11
       Chain mail        |    72 |    71 |   121 ||   264
Dodge: Dodged            |    84 |    68 |    63 ||   215
